 Dungeon Crawl Stone Soup version 0.25-a0-471-g78e40d7af6 (webtiles) character file.

Game seed: 15198563141328538340, levelgen mode: deterministic

770 Roikka the Covert (level 7, -6/31 HPs)
             Began as a Felid Enchanter on Feb 6, 2020.
             Mangled by an ice beast (12 damage)
             ... on level 5 of the Dungeon.
             The game lasted 00:20:25 (7065 turns).

Roikka the Covert (Felid Enchanter)                 Turns: 7065, Time: 00:20:25

Health: -6/31      AC:  2    Str:  4    XL:     7   Next: 53%
Magic:  10/13      EV: 21    Int: 16    God:
Gold:   85         SH:  0    Dex: 19    Spells: 4/13 levels left
                                        Lives:  0   Deaths: 2

rFire    . . .     SeeInvis +     - Unarmed
rCold    . . .     Gourm    .   (shield unavailable)
rNeg     + . .     Faith    .   (armour unavailable)
rPois    .         Spirit   .   (helmet unavailable)
rElec    .         Reflect  .   (cloak unavailable)
rCorr    .         Harm     .   (gloves unavailable)
MR       +....                  (boots unavailable)
Stlth    ++++......             (no amulet)
HPRegen  0.10/turn              c - ring of positive energy
MPRegen  0.13/turn              (no ring)

@: confusing touch, quick
A: very small, no armour, no weapons or thrown items, stealth, claws 1, fangs 3,
see invisible, carnivore, speed 1, shaggy fur 2, slow metabolism 1, sharp paws
a: no special abilities


You were on level 5 of the Dungeon.
You were completely stuffed.

You visited 1 branch of the dungeon, and saw 5 of its levels.
You also visited: Sewer.

You collected 253 gold pieces.
You spent 168 gold pieces at shops.

Inventory:

Jewellery
 c - a ring of positive energy (left paw)
Scrolls
 e - 3 scrolls of enchant armour {unknown}
 i - a scroll of noise {unknown}
 j - 4 scrolls of identify
 k - 3 scrolls of remove curse
 l - a scroll of immolation {unknown}
 m - a scroll of teleportation
 n - 3 scrolls of fear {unknown}
 q - a scroll of blinking {unknown}
 r - a scroll of amnesia {unknown}
 t - 3 scrolls of vulnerability {unknown}
Potions
 a - a potion of magic {unknown}
 d - 5 potions of curing {unknown}
 f - 7 potions of heal wounds
 g - 2 potions of ambrosia {unknown}
 h - a potion of haste {unknown}
 o - a potion of lignification {unknown}
 p - 2 potions of agility {unknown}
 u - 2 potions of brilliance
 v - a potion of flight
Comestibles
 b - 5 rations
 s - a chunk of flesh


   Skills:
 + Level 3.0 Fighting
 + Level 5.3 Dodging
 * Level 8.1 Stealth
 * Level 4.8 Unarmed Combat
 + Level 3.6 Spellcasting
 - Level 6.0 Hexes


You had 4 spell levels left.
You knew the following spells:

 Your Spells              Type           Power        Failure   Level  Hunger
a - Corona                Hex            ###....      1%          1    None
b - Ensorcelled Hibernat  Hex/Ice        ##....       8%          2    ##.....
c - Confusing Touch       Hex            ###.....     4%          3    ###....
d - Tukima's Dance        Hex            ###.....     4%          3    ###....

Your spell library contained the following spells:

 Spells                   Type           Power        Failure   Level  Hunger
 Dazzling Flash           Conj/Hex       ##....       16%         3    ###....


Dungeon Overview and Level Annotations

Branches:
Dungeon (5/15)              Sewer (visited)
 Temple: D:4-7

Altars:

Shops:
D:4 *

Annotations:
D:5 1 transporter, Piu's ghost, novice GnWn


Innate Abilities, Weirdness & Mutations

You cannot wear armour.
You are incapable of wielding weapons or throwing items.
Your paws allow you to move quietly. (Stealth)
You have sharp claws.
You have razor-sharp teeth.
You have supernaturally acute eyesight. (SInv)
You are carnivorous and can eat meat at any time.
You cover ground quickly.
You are covered in thick fur. (AC +2)
You have a slow metabolism.
Your sharp claws are effective at attacking unaware monsters.


Message History

An ice beast comes into view.
Things that are here:
a scroll labeled AKOEXA SOUGI; a +0 club
e - 3 scrolls labeled AKOEXA SOUGI (gained 1)
You scratch the ice beast but do no damage.
Your bite misses the ice beast. The ice beast completely misses you.
Casting: Confusing Touch (safe; 4% risk of failure)
Confirm with . or Enter, or press ? or * to list all spells.
Your paws begin to glow red.
You scratch the ice beast but do no damage.
You bite the ice beast, but do no damage.
The ice beast hits you. The ice beast freezes you!
You scratch the ice beast but do no damage.
The ice beast hits you. The ice beast freezes you!
* * * LOW HITPOINT WARNING * * *
You scratch the ice beast but do no damage.
Your bite misses the ice beast. The ice beast hits you.
* * * LOW HITPOINT WARNING * * *
The ice beast freezes you!
You die...

#≈≈≈≈≈##.# ≈##≈≈≈≈≈##.# ###
.≈≈...≈.≈≈.# .. .≈≈...≈.≈≈.# .##
## .# .≈≈.....≈≈.# .....#######
##.#
.≈≈...÷÷≈≈.########...<..[###..##
.≈≈.....≈).....>....#####..##.##.
.##≈≈.≈≈##..........# ###.......
#≈≈.≈≈##.....Y@...####.>.......
....................##........##.
#####..####............#.#.......
##.# #...).....###.....####© #.#
#.........###.#####. ## #..
#..........((.#....#
#.........##.##.%.#.
#..######.##.#...... ..#
..##.#..##.W©


You could see an ice beast.

Vanquished Creatures
  Sigmund (D:3)
  A necrophage (D:3)
  3 ogres (D:4)
  A centaur (D:5)
  A big kobold (Sewer)
  A bullfrog zombie (D:5)
  2 orc priests (D:3)
  2 orc wizards
  A jelly (D:4)
  A bullfrog skeleton (D:4)
  An iguana (D:4)
  A worker ant (D:3)
  A hound skeleton (D:4)
  3 gnolls (D:3)
  8 adders
  2 river rats
  An ooze (D:1)
  4 worms (D:3)
  2 leopard geckos (D:4)
  6 orcs
  7 ball pythons
  10 bats
  6 giant cockroaches
  5 goblins
  6 hobgoblins
  5 jackals
  27 kobolds
  2 quokkas (D:4)
  A ball python skeleton (D:4)
  9 frilled lizards
  2 jackal skeletons
  32 rats
155 creatures vanquished.

Vanquished Creatures (others)
  A dancing weapon (D:4)
1 creature vanquished.

Grand Total: 156 creatures vanquished

Notes
Turn   | Place    | Note
-------+----------+-------------------------------------------
     0 | D:1      | Roikka the Felid Enchanter began the quest for the Orb.
     0 | D:1      | Reached XP level 1. HP: 7/7 MP: 4/4
   391 | D:1      | Reached XP level 2. HP: 2/11 MP: 6/6
  1450 | D:2      | Reached XP level 3. HP: 15/15 MP: 7/7
  1849 | D:2      | Found a faded altar of an unknown god.
  1868 | D:2      | Learned a level 2 spell: Ensorcelled Hibernation
  1872 | D:2      | Learned a level 3 spell: Confusing Touch
  1928 | D:2      | Reached skill level 5 in Stealth
  2446 | D:3      | Noticed a necrophage
  2468 | D:3      | Killed a necrophage
  2468 | D:3      | Reached skill level 1 in Fighting
  2468 | D:3      | Reached XP level 4. HP: 8/19 MP: 5/8
  2468 | D:3      | Reached XP level 5. HP: 10/22 MP: 5/9
  2717 | D:3      | Slain by a kobold
  2718 | D:3      | Reached XP level 4. HP: -1/19 MP: 4/8
  3057 | D:3      | Reached skill level 5 in Hexes
  3586 | D:3      | Noticed Sigmund
  3590 | D:3      | Killed Sigmund
  3590 | D:3      | Reached skill level 6 in Stealth
  3590 | D:3      | Reached XP level 5. HP: 22/22 MP: 8/10
  3608 | D:3      | Learned a level 3 spell: Tukima's Dance
  3614 | D:3      | Gained mutation: You are covered in thick fur. (AC +2)
                  | [Felid growth]
  3614 | D:3      | Reached XP level 6. HP: 26/26 MP: 11/11
  4786 | D:4      | Reached skill level 7 in Stealth
  4786 | D:4      | Reached XP level 7. HP: 30/30 MP: 5/12
  4932 | D:4      | Found Oroggyet's Assorted Antiques.
  4937 | D:4      | Bought a scroll labeled NETEUMA LEECH for 28 gold pieces
  4937 | D:4      | Bought an agate ring for 140 gold pieces
  5219 | D:3      | Slain by an orc wizard
  5220 | D:3      | Reached XP level 6. HP: -3/27 MP: 8/11
  5692 | D:4      | Reached skill level 5 in Dodging
  5692 | D:4      | Reached XP level 7. HP: 30/30 MP: 11/13
  5706 | D:5      | Entered Level 5 of the Dungeon
  5720 | D:5      | Found a transporter.
  5730 | D:5      | Noticed Piu's ghost (novice GnWn)
  5937 | D:5      | Found a glowing drain.
  5952 | Sewer    | Entered a sewer
  6527 | Sewer    | Reached skill level 8 in Stealth
  7065 | D:5      | Mangled by an ice beast

Levels and vault maps discovered:
D:1:      dpeg_arrival_water_altar, layout_basic
D:2:      layout_loops_cross, chequers_ecumenical_altar_simple, first_ration,
          wander_ebering_terrifying_dragon_lair
D:3:      cheibrodos_old_hovel, layout_basic, minmay_fractal_squares_gapless_5,
          uniq_sigmund
D:4:      layout_rooms, serial_shops, kennysheep_little_box, st_stairs_14
D:5:      layout_rooms, temple_fountains, gammafunk_ghost_stat_death,
          cheibrodos_sewer_entry_sluice, grunt_tough_drop

Skill      XL: |  1  2  3  4  5  6  7 |
---------------+----------------------+-----
Dodging        | 3 4 5 |  5.3
Unarmed Combat | 2 3 4 |  4.8
Stealth        | 5 6 7 8 |  8.1
Fighting       | 1 2 3 |  3.0
Hexes          | 5 6 |  6.0
Spellcasting   | 3 |  3.6

Action                   |  1- 3 |  4- 6 |  7- 9 || total
-------------------------+-------+-------+-------++-------
Melee: Unarmed           |   156 |   193 |   173 ||   522
       Bite              |    14 |    25 |    15 ||    54
       Punch             |       |     2 |     3 ||     5
 Cast: Confusing Touch   |     3 |     7 |     5 ||    15
       Ensorcelled Hiber |       |    32 |    15 ||    47
       Tukima's Dance    |       |     3 |       ||     3
  Use: Scroll            |     1 |     4 |     2 ||     7
       Potion            |       |       |     3 ||     3
 Stab: Sleeping          |    15 |    29 |    11 ||    55
       Confused          |     4 |     2 |     3 ||     9
  Eat: Chunk             |    11 |    18 |     6 ||    35
Armor: Skin              |     8 |     5 |    12 ||    25
Dodge: Dodged            |   120 |   149 |   221 ||   490

Table legend:
 A = Non-vault XP
 B = Vault XP
 C = Vault XP percentage of total XP
 D = Non-vault monster count
 E = Vault monster count
 F = Vault count percentage of total count
                 A         B        C        D         E       F
            +---------+---------+-------+---------+---------+-------
      Total |    1182 |     440 |  27.1 |      95 |      60 |  38.7
            +---------+---------+-------+---------+---------+-------
        D:1 |      36 |       0 |   0.0 |      19 |       0 |   0.0
        D:2 |      55 |       1 |   1.8 |      20 |       1 |   4.8
        D:3 |     409 |     232 |  36.2 |      33 |       7 |  17.5
        D:4 |     520 |       2 |   0.4 |      19 |       1 |   5.0
        D:5 |     162 |      17 |   9.5 |       4 |       3 |  42.9
      Sewer |       0 |     188 | 100.0 |       0 |      48 | 100.0
            +---------+---------+-------+---------+---------+-------
